 Dungeon Crawl Stone Soup version 0.23.0-3-gf3c87f2 (webtiles) character file.

Game seed: 1405516608945063498

83 vishdafish the Charmwright (level 4, -1/38 HPs)
             Began as a Gnoll Skald on Feb 22, 2019.
             Killed by divine providence
             ... invoked by an orc priest
              (13 damage)
             ... on level 3 of the Dungeon.
             The game lasted 00:03:03 (1773 turns).

vishdafish the Charmwright (Gnoll Skald)            Turns: 1773, Time: 00:03:03

Health: -1/38      AC:  3    Str: 14    XL:     4   Next: 44%
Magic:  11/11      EV: 14    Int: 16    God:
Gold:   63         SH:  5    Dex: 14    Spells: 8/13 levels left

rFire    . . .     SeeInvis .   a - +0 falchion
rCold    . . .     Gourm    .   (no shield)
rNeg     . . .     Faith    .   c - +0 leather armour (curse)
rPois    .         Spirit   .   (no helmet)
rElec    .         Reflect  +   (no cloak)
rCorr    .         Harm     .   (no gloves)
MR       .....                  (no boots)
Stlth    +.........             k - +5 amulet of reflection
HPRegen  0.12/turn              (no ring)
MPRegen  0.12/turn              (no ring)

@: no status effects
A: distributed training, fangs 1, strong nose
a: no special abilities


You were on level 3 of the Dungeon.
You were hungry.

You visited 1 branch of the dungeon, and saw 3 of its levels.

You collected 63 gold pieces.

Inventory:

Hand Weapons
 a - a +0 falchion (weapon)
Missiles
 g - 4 javelins (quivered)
 l - 2 throwing nets
Armour
 b - a +0 leather armour
 c - a cursed +0 leather armour (worn)
 h - a +0 shield
 m - a +1 ring mail of fire resistance
Jewellery
 k - a +5 amulet of reflection (around neck)
Scrolls
 e - a scroll of magic mapping
 i - a scroll of blinking
 j - a scroll of fog
 p - a scroll of remove curse {unknown}
Potions
 f - 2 potions of lignification {unknown}
 n - 2 potions of heal wounds {unknown}
 o - a potion of curing {unknown}
Comestibles
 d - 7 rations


   Skills:
 + Level 4.6 Fighting
 + Level 1.1 Short Blades
 + Level 4.6 Long Blades
 + Level 1.1 Axes
 + Level 1.1 Maces & Flails
 + Level 1.1 Polearms
 + Level 1.1 Staves
 + Level 1.1 Slings
 + Level 1.1 Bows
 + Level 1.1 Crossbows
 + Level 1.1 Throwing
 + Level 2.7 Armour
 + Level 4.6 Dodging
 + Level 1.1 Stealth
 + Level 1.1 Shields
 + Level 1.1 Unarmed Combat
 + Level 5.0 Spellcasting
 + Level 0.8 Conjurations
 + Level 0.8 Hexes
 + Level 5.4 Charms
 + Level 0.8 Summonings
 + Level 0.8 Necromancy
 + Level 0.8 Translocations
 + Level 0.8 Transmutations
 + Level 0.8 Fire Magic
 + Level 0.8 Ice Magic
 + Level 0.8 Air Magic
 + Level 0.8 Earth Magic
 + Level 0.8 Poison Magic
 + Level 1.2 Invocations
 + Level 1.1 Evocations


You had 8 spell levels left.
You knew the following spells:

 Your Spells              Type           Power        Failure   Level  Hunger
a - Infusion              Chrm           ###.         1%          1    None
b - Song of Slaying       Chrm           ###.....     3%          2    #......
c - Shroud of Golubria    Chrm/Tloc      ##........   8%          2    #......

Your spell library contained the following spells:

 Spells                   Type           Power        Failure   Level  Hunger
 Regeneration             Chrm/Necr      ##........   16%         3    ###....
 Spectral Weapon          Hex/Chrm       ##......     16%         3    ###....


Dungeon Overview and Level Annotations

Branches:
Dungeon (3/15)

Altars:


Innate Abilities, Weirdness & Mutations

Your experience applies equally to all skills.
You have very sharp teeth.
Your uncanny sense of smell can sniff out nearby items.


Message History

Press: ? - help, Shift-Dir - straight line, f/p - orc priest
Aim: an orc priest, wielding a +0 dagger and wearing a +0 chain mail You throw a javelin.
The javelin hits the orc.
The orc is moderately wounded.
The orc priest calls upon Beogh to heal the orc.
The orc's wounds heal themselves!
The orc closely misses you.
Throwing (i - inventory. (/) - cycle)
g - 5 javelins (quivered)
Press: ? - help, Shift-Dir - straight line, f/p - orc priest
Aim: an orc priest, wielding a +0 dagger and wearing a +0 chain mail You throw a javelin.
The javelin hits the orc but does no damage.
The orc hits you with a +0 club.
The orc priest mumbles some strange prayers to Beogh against you.
Beogh smites you!
The orc priest calls down the wrath of Beogh upon you.
Beogh smites you!
* * * LOW HITPOINT WARNING * * *
The orc priest calls down the wrath of Beogh upon you.
Beogh smites you!
You die...

#.o.# #....
#.#.# #....
########'###
#....
#.r.o(.....#
.....
#o###......#
..... #.#
#...)..#
.... #.#
#......# #o#
#......# #@#
#........
#<#
#.........
###
#.........
#........


You could see an orc priest, an orc and a rat.

Vanquished Creatures
  A gnoll (D:1)
  2 adders (D:2)
  A dart slug (D:1)
  2 leopard geckos
  An orc (D:3)
  6 bats
  2 giant cockroaches (D:1)
  8 hobgoblins
  3 jackals (D:1)
  3 frilled lizards
  4 goblins
  10 kobolds
  A leopard gecko skeleton (D:2)
  6 rats
50 creatures vanquished.

Notes
Turn   | Place    | Note
-------+----------+-------------------------------------------
     0 | D:1      | vishdafish the Gnoll Skald began the quest for the Orb.
     0 | D:1      | Reached XP level 1. HP: 20/20 MP: 6/6
    23 | D:1      | Reached XP level 2. HP: 9/26 MP: 2/7
   236 | D:1      | Learned a level 2 spell: Song of Slaying
   239 | D:1      | Learned a level 2 spell: Shroud of Golubria
   359 | D:1      | Reached XP level 3. HP: 28/31 MP: 9/9
   417 | D:1      | Reached skill level 5 in Spellcasting
   865 | D:1      | Reached skill level 1 in Invocations
  1054 | D:2      | Reached skill level 1 in Short Blades
  1054 | D:2      | Reached skill level 1 in Axes
  1054 | D:2      | Reached skill level 1 in Maces & Flails
  1054 | D:2      | Reached skill level 1 in Polearms
  1054 | D:2      | Reached skill level 1 in Staves
  1054 | D:2      | Reached skill level 1 in Slings
  1054 | D:2      | Reached skill level 1 in Bows
  1054 | D:2      | Reached skill level 1 in Crossbows
  1054 | D:2      | Reached skill level 1 in Throwing
  1054 | D:2      | Reached skill level 1 in Stealth
  1054 | D:2      | Reached skill level 1 in Shields
  1054 | D:2      | Reached skill level 1 in Unarmed Combat
  1054 | D:2      | Reached skill level 1 in Evocations
  1063 | D:2      | Reached XP level 4. HP: 6/38 MP: 8/11
  1773 | D:3      | Killed from afar by an orc priest

Skill      XL: |  1  2  3 |
---------------+----------+-----
Spellcasting   | 5 |  5.0
Invocations    | 1 |  1.2
Short Blades   | 1 |  1.1
Axes           | 1 |  1.1
Maces & Flails | 1 |  1.1
Polearms       | 1 |  1.1
Staves         | 1 |  1.1
Slings         | 1 |  1.1
Bows           | 1 |  1.1
Crossbows      | 1 |  1.1
Throwing       | 1 |  1.1
Stealth        | 1 |  1.1
Shields        | 1 |  1.1
Unarmed Combat | 1 |  1.1
Evocations     | 1 |  1.1
Fighting       | |  4.6
Long Blades    | |  4.6
Armour         | |  2.7
Dodging        | |  4.6
Conjurations   | |  0.8
Hexes          | |  0.8
Charms         | |  5.4
Summonings     | |  0.8
Necromancy     | |  0.8
Translocations | |  0.8
Transmutations | |  0.8
Fire Magic     | |  0.8
Ice Magic      | |  0.8
Air Magic      | |  0.8
Earth Magic    | |  0.8
Poison Magic   | |  0.8

Action                   |  1- 3 |  4- 6 || total
-------------------------+-------+-------++-------
Melee: Falchion          |    94 |    32 ||   126
       Bite              |     8 |     3 ||    11
Throw: Javelin           |     1 |     4 ||     5
 Cast: Infusion          |     2 |     1 ||     3
  Use: Scroll            |       |     3 ||     3
 Stab: Sleeping          |     1 |       ||     1
  Eat: Chunk             |       |     2 ||     2
Armor: Leather armour    |    24 |     6 ||    30
Dodge: Dodged            |    75 |    28 ||   103
Block: Other             |     6 |     8 ||    14
       Rpst.: Falchion   |    25 |     8 ||    33
